 Dungeon Crawl Stone Soup version 0.26.0-11-g8f856b5395 (webtiles) character file.

Game seed: 1765972323236746393

59008 EnegeticOcto the Warrior (level 14, -3/140 HPs)
             Began as a Minotaur Conjurer on Jan 15, 2021.
             Slain by an orc warrior
             ... wielding a +0 scimitar
             ... led by an orc knight
              (24 damage)
             ... on level 2 of the Orcish Mines.
             The game lasted 00:24:43 (27004 turns).

EnegeticOcto the Warrior (Minotaur Conjurer)       Turns: 27004, Time: 00:24:44

Health: -3/140     AC: 23    Str: 15    XL:     14   Next: 51%
Magic:  15/15      EV: 26    Int: 15    God:
Gold:   1478       SH:  3    Dex: 14    Spells: 15/15 levels left

rFire    . . .     SeeInvis .   Q - +4 scimitar (flame)
rCold    . . .     Faith    .   I - +0 buckler
rNeg     . . .     Spirit   .   V - +1 chain mail {Will+}
rPois    +         Reflect  .   (helmet restricted)
rElec    .         Harm     .   a - +0 cloak
rCorr    .         Rampage  .   J - +0 pair of fencer's gloves {Riposte Dex+3}
Will     ++...                  F - +2 pair of boots
Stlth    ..........             G - amulet of the acrobat
HPRegen  0.33/turn              C - +4 ring of protection
MPRegen  0.14/turn              A - ring of poison resistance

@: acrobat
A: retaliatory headbutt, horns 2
a: no special abilities


You were on level 2 of the Orcish Mines.
You visited 4 branches of the dungeon, and saw 19 of its levels.

You collected 1562 gold pieces.
You spent 84 gold pieces at shops.

Inventory:

Hand Weapons
 y - the +7 dagger "Hahoruk" {elec, rF+}
   (You found it on level 4 of the Dungeon)

   Occasionally, upon striking a foe, it can discharge electrical energy and
   cause terrible harm.
   It protects you from fire.
 Q - a +4 scimitar of flaming (weapon)
   (You took it off Erica on level 9 of the Dungeon)
Missiles
 i - 279 arrows
 q - 61 poisoned darts
 t - 17 boomerangs
 x - a throwing net (quivered) {!f}
 M - 7 javelins
 W - 6 curare-tipped darts
Armour
 a - a +0 cloak (worn)
   (You found it on level 5 of the Dungeon)
 p - a +2 pair of gloves
   (You found it on level 2 of the Dungeon)
 s - a scarf of invisibility
   (You found it on level 3 of the Dungeon)
 F - a +2 pair of boots (worn)
   (You found it on level 5 of the Dungeon)
 I - a +0 buckler (worn)
   (You took it off a gnoll sergeant on level 7 of the Dungeon)
 J - the +0 pair of fencer's gloves (worn) {Riposte Dex+3}
   (You found it on level 5 of the Lair of Beasts)

   It affects your dexterity (+3).
 V - a +1 chain mail of willpower (worn)
   (You found it on level 5 of the Lair of Beasts)
Jewellery
 r - an uncursed ring of wizardry
   (You found it on level 5 of the Lair of Beasts)
 A - a ring of poison resistance (right hand)
   (You found it on level 5 of the Dungeon)
 C - a +4 ring of protection (left hand)
   (You found it on level 5 of the Lair of Beasts)
 G - an amulet of the acrobat (around neck)
   (You found it on level 6 of the Dungeon)
 S - an uncursed ring of fire
   (You found it on level 10 of the Dungeon)
Wands
 b - a wand of polymorph (24)
   (You found it on level 2 of the Lair of Beasts)
 c - a wand of iceblast (24) {@v2}
   (You found it on level 4 of the Dungeon)
 o - a wand of flame (11) {@v4}
   (You found it on level 8 of the Dungeon)
 u - a wand of disintegration (14)
   (You found it on level 6 of the Lair of Beasts)
 T - a wand of digging (5) {@v3}
   (You found it on level 5 of the Lair of Beasts)
Scrolls
 d - 8 scrolls of remove curse {@r2}
 f - 6 scrolls of fog {!r}
 v - 3 scrolls of magic mapping {@r5 !r}
 w - 6 scrolls of teleportation {@r3 !r}
 B - 2 scrolls of enchant weapon {unknown}
 D - 3 scrolls of immolation
 H - a scroll of silence
 K - 2 scrolls of enchant armour
 L - a scroll of blinking {@r4}
Potions
 e - 10 potions of heal wounds {@q2 !q}
 g - 3 potions of attraction
 h - 3 potions of flight
 j - 9 potions of curing {@q1 !q}
 k - a potion of cancellation
 l - 6 potions of brilliance
 m - 4 potions of might {@q3 !q}
 n - 2 potions of mutation
 z - 2 potions of magic
 P - 3 potions of resistance
 R - 2 potions of berserk rage {unknown}
 U - 2 potions of haste {unknown}
Miscellaneous
 E - a phantom mirror
   (You found it on level 3 of the Lair of Beasts)


   Skills:
 + Level 17.2 Fighting
 - Level 10.0(10.5) Short Blades
 + Level 5.9(9.1) Long Blades
 - Level 0.2 Polearms
 - Level 4.0 Throwing
 + Level 11.8 Armour
 + Level 11.5 Dodging
 - Level 1.5 Stealth
 - Level 1.3 Spellcasting
 - Level 2.9 Conjurations
 + Level 9.5 Evocations


You had 15 spell levels left.
You didn't know any spells.
Your spell library contained the following spells:

 Spells                   Type           Power        Failure   Level
 Magic Dart               Conj           36%          78%         1
 Searing Ray              Conj           18%          89%         2
 Animate Skeleton         Necr           2%           99%         1
 Beastly Appendage        Tmut           2%           99%         1
 Pain                     Necr           4%           99%         1
 Blink                    Tloc           N/A          100%        2
 Call Imp                 Summ           1%           100%        2
 Slow                     Hex            1%           100%        2
 Wereblood                Tmut           1%           100%        2
 Conjure Flame            Conj/Fire      5%           100%        3
 Dazzling Flash           Conj/Hex       10%          100%        3
 Mephitic Cloud           Conj/Pois/Air  4%           100%        3
 Spider Form              Tmut/Pois      0%           100%        3
 Vampiric Draining        Necr           0%           100%        3
 Animate Dead             Necr           0%           100%        4
 Fulminant Prism          Conj/Hex       2%           100%        4
 Ice Form                 Ice/Tmut       1%           100%        4
 Iskenderun's Mystic Bla  Conj/Tloc      5%           100%        4
 Agony                    Necr           1%           100%        5
 Blade Hands              Tmut           0%           100%        5


Dungeon Overview and Level Annotations

Branches:
Dungeon (10/15)            Temple (1/1) D:7            Lair (6/6) D:8
  Swamp (0/4) Lair:4       Spider (0/4) Lair:4        Slime (0/5) Lair:6
    Orc (2/2) D:10
    Elf: Orc:2

Altars:
Ashenzari
Cheibriados
Dithmenos
Elyvilon
Fedhas
Gozag
Hepliaklqana
Kikubaaqudgha
Makhleb
Nemelex Xobeh
Okawaru
Qazlal
Ru
Sif Muna
Trog
Uskayaw
Vehumet
Wu Jian
Xom
Yredelemnul
Zin
The Shining One
Beogh

Shops:
Orc:1 (   Orc:2 *

Annotations:
Lair:1 exclusion: 2 oklob plants
Lair:3 1 runed translucent door, lasso's ghost, journeyman DECj
Orc:1 3 runed translucent doors, mojasp's ghost, journeyman DDFi


Innate Abilities, Weirdness & Mutations

You reflexively headbutt those who attack you in melee.
You have a pair of horns on your head.


Message History

An orc priest comes into view. It is wielding a +0 whip.
An orc priest is nearby!
There is an entrance to Ynutson's General Store here.
No target in view!
No target in view!
No target in view!
No target in view!
No target in view!
No target in view!
No target in view!
No target in view!
No target in view!
No target in view!
No target in view!
e - 10 potions of heal wounds {@q2 !q} (gained 1)
f - 6 scrolls of fog {!r} (gained 1) Thank you for shopping at Ynutson's General Store!
An orc comes into view. It is wielding a +0 war axe.
An orc comes into view. It is wielding a +0 club.
The orc shouts!
You hear a shout!
You hear a howl!
An orc comes into view. It is wielding a +0 dagger.
The orc priest hits you but does no damage.
The orc moves out of view.
An orc wizard comes into view. It is wielding a +0 dagger.
The orc shouts!
The orc wizard shouts!
You slash the orc priest! You burn the orc priest.
You kill the orc priest!
An orc knight comes into view. It is wielding a +2 vorpal bardiche.
The orc knight shouts!
Things that are here:
a +0 whip; 53 gold pieces; an orc corpse Your shield and chain mail prevent you from hitting the orc.
A warg comes into view.
The orc barely misses you. You furiously retaliate!
You headbutt the orc. You slash the orc! You burn the orc.
You kill the orc!
An orc warrior comes into view. It is wielding a +0 scimitar.
The orc warrior shouts!
The orc wizard points at itself and mumbles some strange words.
The orc wizard flickers and vanishes!
Deactivating autopickup; reactivate with Ctrl-A.
The orc warrior moves out of view.
You hit the orc. You burn the orc.
The orc is heavily wounded.
The orc hits you but does no damage.
The orc knight roars a battlecry!
The orcs go into a battle-frenzy!
Your shield prevents you from hitting the orc.
The orc is heavily wounded.
The orc knight hits you from afar with a +2 vorpal bardiche!
You slice the orc!! You burn the orc.
You kill the orc!
A puff of frost appears from out of thin air!
The puff of frost hits you.
You slash the warg! You burn the warg.
The warg is moderately wounded.
The warg bites you but does no damage.
The orc knight hits you from afar with a +2 vorpal bardiche!
The orc hits you but does no damage. You block the warg's attack.
You hit the warg. You burn the warg.
The warg is heavily wounded.
The orc barely misses you.
The orc knight hits you from afar with a +2 vorpal bardiche.
The warg bites you but does no damage.
You hit the warg. You burn the warg. You headbutt the warg!
The warg is almost dead.
The warg bites you. The orc completely misses you.
You riposte.
You slash the orc! You burn the orc.
You kill the orc!
You barely miss the warg.
The warg is almost dead.
A puff of frost appears from out of thin air!
The puff of frost misses you. The warg closely misses you.
You riposte.
You slice the warg!! You burn the warg.
You kill the warg!
The orc knight barely misses you.
The orc warrior hits you with a +0 scimitar!
The orc knight hits you with a +2 vorpal bardiche!
You completely miss the orc knight. Your headbutt misses the orc knight.
The orc warrior hits you with a +0 scimitar.
You hit the orc knight. You burn the orc knight.
The orc knight is lightly wounded.
You block something's attack.
The orc knight hits you with a +2 vorpal bardiche!!
The orc warrior completely misses you.
You riposte.
You hit the orc warrior but do no damage.
You headbutt the orc warrior, but do no damage.
You hit the orc warrior. You burn the orc warrior.
The orc warrior is lightly wounded.
Something hits you but does no damage.
The orc warrior hits you with a +0 scimitar!!
* * * LOW HITPOINT WARNING * * *
Okay, then.
The orc knight hits you from afar with a +2 vorpal bardiche!
* * * LOW HITPOINT WARNING * * *
x2 Something barely misses you.
Things that are here:
a +0 whip; 53 gold pieces; an orc corpse The orc warrior hits you with a +0 scimitar!!
You die...

#.#.##.## ##......#
##.#..#.## ......^##
....#...# .......##
###...#..## ........#
#.........#### .....#.##
###..........#.##
#+#.....###...............#
+ +......##...#..........##
#+#.............@))$......#
#...........#.∩.#oo)......#
.#................)........
..#...........#..#.........
.####.........#.#..........
## #............##.##......
###.............$..........
.##.............##.........
..........................#


You could see an orc knight and an orc warrior (strong).

Vanquished Creatures
  Rupert (Lair:6)
  A fire dragon (Lair:6)
  5 hydras
  A catoblepas (Lair:2)
  Erica (D:9)
  4 death yaks (Lair:3)
  A two-headed ogre (D:9)
  2 lindwurms
  3 swamp dragons
  2 orc knights (Orc:1)
  Pikel (D:6)
  An orc sorcerer (Orc:1)
  2 wolf spiders
  6 elephants (Lair:5)
  6 black mambas
  19 cane toads
  A torpor snail (Lair:2)
  5 rime drakes
  9 komodo dragons
  2 ice devils (Lair:3)
  2 trolls
  12 polar bears
  3 raiju (Lair:6)
  26 blink frogs
  26 yaks
  Eustachio (D:4)
  8 wyverns
  3 steam dragons
  7 basilisks
  6 wargs
  2 acid dragons (Lair:6)
  21 water moccasins
  14 hell hounds (Lair:6)
  An ice beast (D:9)
  4 orc warriors
  5 phantoms
  12 black bears
  9 ogres
  33 wolves
  An eye of draining (D:9)
  6 centaurs
  A lemure (D:6)
  2 big kobolds (D:8)
  27 bullfrogs
  A gnoll sergeant (D:7)
  A wyvern skeleton (D:8)
  6 scorpions
  9 killer bees (D:10)
  2 howler monkeys
  A vampire bat (D:4)
  13 wights
  2 centaur zombies
  6 jellies
  7 hounds
  A bullfrog skeleton (D:5)
  2 centaur skeletons
  10 orc priests
  9 orc wizards
  14 iguanas
  5 worker ants
  2 worker ant zombies
  A howler monkey skeleton (D:8)
  12 gnolls
  8 adders
  5 shadow imps
  4 white imps
  6 ufetubi
  3 oozes (Lair:6)
  2 adder zombies
  2 worms
  A dart slug (D:1)
  3 fire bats (D:4)
  6 leopard geckos
  51 orcs
  2 spectral bats (D:4)
  4 ball pythons
  3 bat skeletons (D:4)
  A bat zombie (D:4)
  7 giant cockroaches
  12 hobgoblins
  3 jackals (D:7)
  16 kobolds
  6 quokkas
  16 bats
  A bat simulacrum (D:4)
  3 frilled lizards
  14 goblins
  A quokka skeleton (D:7)
  A quokka zombie (D:7)
  3 rats
593 creatures vanquished.

Vanquished Creatures (others)
  A blink frog (Lair:6)
  A water moccasin (Lair:6)
  14 fungi
  41 plants
57 creatures vanquished.

Grand Total: 650 creatures vanquished

Notes
Turn   | Place    | Note
-------+----------+-------------------------------------------
     0 | D:1      | EnegeticOcto the Minotaur Conjurer began the quest for the
                  | Orb.
     0 | D:1      | Reached XP level 1. HP: 14/14 MP: 1/1
    29 | D:1      | Reached skill level 1 in Fighting
   214 | D:1      | Reached skill level 2 in Fighting
   214 | D:1      | Reached XP level 2. HP: 8/24 MP: 0/3
   721 | D:1      | Reached skill level 3 in Fighting
   898 | D:1      | Reached XP level 3. HP: 17/31 MP: 2/4
  1566 | D:2      | Reached skill level 4 in Fighting
  2563 | D:3      | Reached XP level 4. HP: 37/41 MP: 5/5
  3107 | D:3      | Reached skill level 5 in Fighting
  3107 | D:3      | Found a sacrificial altar of Ru.
  3714 | D:4      | Reached skill level 1 in Armour
  3714 | D:4      | Reached XP level 5. HP: 28/49 MP: 6/6
  3854 | D:4      | Noticed an ogre
  4309 | D:4      | Killed an ogre
  4310 | D:4      | Reached skill level 6 in Fighting
  4310 | D:4      | Reached skill level 2 in Armour
  4310 | D:4      | Reached XP level 6. HP: 23/57 MP: 7/7
  4413 | D:4      | Reached skill level 3 in Armour
  4574 | D:4      | Noticed Eustachio
  4616 | D:4      | Killed Eustachio
  4617 | D:4      | Reached skill level 2 in Throwing
  4803 | D:4      | Reached skill level 4 in Armour
  4803 | D:4      | Reached XP level 7. HP: 62/64 MP: 8/8
  4836 | D:4      | Reached skill level 7 in Fighting
  4987 | D:4      | Reached skill level 3 in Throwing
  5347 | D:4      | Got a masterwork dagger
  5347 | D:4      | Identified the +7 dagger "Hahoruk" {elec, rF+} (You found
                  | it on level 4 of the Dungeon)
  5717 | D:4      | Reached skill level 1 in Short Blades
  5776 | D:5      | Entered Level 5 of the Dungeon
  5898 | D:5      | Reached skill level 4 in Throwing
  5907 | D:5      | Reached skill level 2 in Short Blades
  6199 | D:5      | Reached skill level 8 in Fighting
  6199 | D:5      | Reached skill level 3 in Short Blades
  6199 | D:5      | Reached XP level 8. HP: 70/74 MP: 9/9
  6824 | D:6      | Reached skill level 4 in Short Blades
  7049 | D:6      | Reached skill level 9 in Fighting
  7054 | D:6      | Reached skill level 5 in Short Blades
  7223 | D:6      | Noticed Pikel
  7252 | D:6      | Killed Pikel
  7253 | D:6      | Reached skill level 10 in Fighting
  7253 | D:6      | Reached skill level 6 in Short Blades
  7253 | D:6      | Reached XP level 9. HP: 63/85 MP: 10/10
  8133 | D:7      | Found a shadowy altar of Dithmenos.
  8139 | D:7      | Found a staircase to the Ecumenical Temple.
  8158 | D:7      | Reached skill level 7 in Short Blades
  8799 | D:7      | Reached skill level 11 in Fighting
  9054 | Temple   | Entered the Ecumenical Temple
  9380 | D:7      | Reached skill level 8 in Short Blades
  9691 | D:8      | Reached skill level 9 in Short Blades
  9747 | D:8      | Found a hazy altar of Hepliaklqana.
  9762 | D:8      | Reached XP level 10. HP: 95/97 MP: 11/11
  9841 | D:8      | Reached skill level 12 in Fighting
 10140 | D:8      | Found a staircase to the Lair.
 10251 | D:9      | Noticed Erica
 10271 | D:9      | Killed Erica
 10392 | D:9      | Reached skill level 10 in Short Blades
 10492 | D:9      | Reached skill level 13 in Fighting
 10653 | D:9      | Noticed a two-headed ogre
 10659 | D:9      | Killed a two-headed ogre
 10826 | D:9      | Reached skill level 14 in Fighting
 11150 | D:9      | Found a radiant altar of Vehumet.
 11252 | D:10     | Entered Level 10 of the Dungeon
 11414 | D:10     | Reached XP level 11. HP: 66/111 MP: 12/12
 11424 | D:10     | Reached skill level 15 in Fighting
 11454 | D:10     | HP: 3/112 [orc priest/divine providence (13)]
 11890 | D:10     | Found a shadowy altar of Dithmenos.
 12250 | D:10     | Found a staircase to the Orcish Mines.
 12467 | Lair:1   | Entered Level 1 of the Lair of Beasts
 12891 | Lair:1   | Reached skill level 16 in Fighting
 13250 | Lair:1   | Reached skill level 1 in Evocations
 13268 | Lair:1   | Reached skill level 3 in Dodging
 13484 | Lair:1   | Reached skill level 5 in Armour
 13546 | Lair:1   | Reached skill level 2 in Evocations
 13858 | Lair:1   | Reached skill level 4 in Dodging
 13873 | Lair:1   | Noticed an oklob plant
 13873 | Lair:1   | Noticed an oklob plant
 13989 | Lair:1   | Reached skill level 3 in Evocations
 14157 | Lair:1   | Reached skill level 6 in Armour
 14346 | Lair:2   | Reached skill level 5 in Dodging
 14724 | Lair:2   | Reached XP level 12. HP: 116/122 MP: 13/13
 14758 | Lair:2   | Noticed an eight-headed hydra
 14777 | Lair:2   | Reached skill level 4 in Evocations
 14785 | Lair:2   | Killed an eight-headed hydra
 14786 | Lair:2   | Reached skill level 7 in Armour
 14992 | Lair:2   | Reached skill level 6 in Dodging
 15577 | Lair:2   | Noticed a catoblepas
 15598 | Lair:2   | Killed a catoblepas
 15599 | Lair:2   | Reached skill level 8 in Armour
 15599 | Lair:2   | Reached skill level 5 in Evocations
 16165 | Lair:3   | Noticed a death yak
 16165 | Lair:3   | Noticed a death yak
 16189 | Lair:3   | Noticed a death yak
 16195 | Lair:3   | Noticed a death yak
 16197 | Lair:3   | Killed a death yak
 16198 | Lair:3   | Reached skill level 7 in Dodging
 17200 | Lair:3   | Reached skill level 9 in Armour
 17334 | Lair:3   | Reached skill level 6 in Evocations
 17480 | Lair:3   | Found a runed translucent door.
 17485 | Lair:3   | Noticed lasso's ghost (journeyman DECj)
 17714 | Lair:3   | Reached skill level 8 in Dodging
 18156 | Lair:3   | Killed a death yak
 18171 | Lair:3   | Killed a death yak
 18179 | Lair:3   | Killed a death yak
 18616 | Lair:4   | Reached XP level 13. HP: 116/129 MP: 14/14
 18703 | Lair:4   | Reached skill level 10 in Armour
 18765 | Lair:4   | Found a staircase to the Swamp.
 18773 | Lair:4   | Reached skill level 7 in Evocations
 18998 | Lair:4   | Reached skill level 9 in Dodging
 19555 | Lair:4   | Found a hole to the Spider Nest.
 20127 | Lair:5   | Reached skill level 8 in Evocations
 20135 | Lair:5   | Reached skill level 10 in Dodging
 20784 | Lair:5   | Found a transporter.
 20801 | Lair:5   | Found the +0 pair of fencer's gloves {Riposte Dex+3}
 21203 | Lair:5   | Found a transporter.
 21384 | Lair:5   | Reached skill level 1 in Long Blades
 21665 | Lair:6   | Entered Level 6 of the Lair of Beasts
 21676 | Lair:5   | Reached skill level 2 in Long Blades
 22108 | Lair:6   | Reached skill level 3 in Long Blades
 22170 | Lair:6   | Noticed Rupert
 22243 | Lair:6   | Killed Rupert
 22244 | Lair:6   | Reached skill level 11 in Armour
 22673 | Lair:6   | Reached XP level 14. HP: 64/138 MP: 15/15
 22994 | Lair:6   | Found a staircase to the Slime Pits.
 23029 | Lair:6   | Reached skill level 4 in Long Blades
 23033 | Lair:6   | Reached skill level 9 in Evocations
 23327 | Lair:6   | Reached skill level 11 in Dodging
 23679 | Lair:6   | Reached skill level 17 in Fighting
 24385 | Lair:6   | Reached skill level 5 in Long Blades
 25860 | Orc:1    | Entered Level 1 of the Orcish Mines
 26031 | Orc:1    | Found Rofoytiu's Antique Weapon Boutique.
 26400 | Orc:1    | Found a runed translucent gate.
 26400 | Orc:1    | Found a runed translucent gate.
 26400 | Orc:1    | Found a runed translucent gate.
 26427 | Orc:1    | Noticed mojasp's ghost (journeyman DDFi)
 26429 | Orc:1    | Found a roughly hewn altar of Beogh.
 26429 | Orc:1    | Identified the ring "Odeod" {Ice Stlth+}
 26431 | Orc:1    | Identified the +5 demon trident of the Whelk {drain, Int+6}
 26485 | Orc:1    | Found a roughly hewn altar of Beogh.
 26594 | Orc:2    | Entered Level 2 of the Orcish Mines
 26977 | Orc:2    | Found Ynutson's General Store.
 26980 | Orc:2    | Found a roughly hewn altar of Beogh.
 26984 | Orc:2    | Bought a potion of heal wounds for 60 gold pieces
 26984 | Orc:2    | Bought a scroll of fog for 24 gold pieces
 27004 | Orc:2    | Slain by an orc warrior

Illustrated notes

Levels and vault maps discovered:
D:1:      tarquinn_simple_flora_water_d, layout_rooms
D:2:      layout_basic, serial_glass, glass_columns_b, glass_columns_b,
          hangedman_abyss_or_decor_stabs, minmay_misc_feat_chi
D:3:      layout_basic, st_stairs_13, glass_columns_a,
          nicolae_ru_great_annihilating_truth
D:4:      layout_basic, serial_curves, eino_curves_01, eino_curves_04,
          goddamned_bats, uniq_eustachio
D:5:      layout_loops_ring, hangedman_decor_opposing, minmay_circle_x
D:6:      layout_basic, uniq_pikel
D:7:      layout_basic, minmay_temple_entry_purple_smoke, lemuel_statue_altar
D:8:      layout_cave_pools, grunt_lair_entry_orc_guard_hut, basic_altar,
          due_unseen_surprise
D:9:      layout_basic, general_overflow_altar, uniq_erica
D:10:     layout_loops_ring, erik_orc_4, grunt_dithmenos_shadows
Temple:   compressed_dpeg_triangle_lava_temple
Lair:1:   layout_concentric_octagons, grunt_megastairs_5,
          minmay_lair_oklob_chamber, lemuel_fruit_fields
Lair:2:   layout_hall_layers, st_stairs_10
Lair:3:   layout_roguey, ebering_ghost_reflecting_pool,
          portal_ice_cave_demonic_guard, grunt_megastairs_3
Lair:4:   layout_cave_pods, minmay_swamp_entry_reptiles,
          spider_nest_entry_rubble
Lair:5:   gammafunk_cloud_chamber, layout_hall_layers, grunt_megastairs_1
Lair:6:   hangedman_lair_caniforms_friends, layout_layer_cave,
          guppyfry_lair_end_dragon, nicolae_slime_entry_slimehenge, uniq_rupert
Orc:1:    layout_caves, serial_shops, nicolae_shop_behind_doors,
          biasface_ghost_orc_armoury, nicolae_orc_stony_grotto,
          minmay_orc_temple_a
Orc:2:    st_orc_rangers, layout_diamond_mine, serial_shops,
          nicolae_shop_behind_doors, nicolae_shop_stone, mines2_david

Skill      XL: |  1  2  3  4  5  6  7  8  9 10 11 12 13 14 |
---------------+-------------------------------------------+-----
Fighting       | 2 3 4 5 6 8 10 11 14 16 17 | 17.2
Armour         | 1 2 4 6 9 11 | 11.8
Throwing       | 2 4 |  4.0
Short Blades   | 3 6 9 10 | 10.0
Evocations     | 3 6 8 9 |  9.5
Dodging        | 5 8 10 11 | 11.5
Long Blades    | 3 5 |  5.9
Polearms       | |  0.2
Stealth        | |  1.5
Spellcasting   | |  1.3
Conjurations   | |  2.9

Action                   |  1- 3 |  4- 6 |  7- 9 | 10-12 | 13-15 || total
-------------------------+-------+-------+-------+-------+-------++-------
Melee: Unarmed           |    13 |       |       |       |       ||    13
       Short sword       |     8 |    53 |       |       |       ||    61
       Headbutt          |    18 |    20 |    36 |   166 |   189 ||   429
       Whip              |   109 |    57 |       |       |       ||   166
       Trident           |       |    83 |    55 |       |       ||   138
       Dagger            |       |       |   298 |   854 |   290 ||  1442
       Scimitar          |       |       |       |       |   453 ||   453
Throw: Boomerang         |       |    16 |       |       |       ||    16
       Dart              |       |    16 |       |       |       ||    16
 Cast: Magic Dart        |    19 |       |       |       |       ||    19
Evoke: Wand              |       |       |       |     2 |    14 ||    16
       Phantom mirror    |       |       |       |       |     1 ||     1
  Use: Scroll            |       |     1 |    12 |    12 |     7 ||    32
       Potion            |       |       |       |     1 |     1 ||     2
 Stab: Sleeping          |     1 |       |       |       |       ||     1
       Paralysed         |       |     1 |       |       |       ||     1
       Petrified         |       |       |       |     2 |       ||     2
Armor: Robe              |    30 |       |       |       |       ||    30
       Chain mail        |    16 |   197 |   261 |   266 |   506 ||  1246
Dodge: Dodged            |    88 |    87 |   139 |   217 |   535 ||  1066
Block: Buckler           |       |       |    16 |    68 |   148 ||   232
       Rpst.: Scimitar   |       |       |       |       |   177 ||   177
